 Dungeon Crawl Stone Soup version 0.20-a0-266-gdedccd6 (webtiles) character file.

22 AlphabetPasta the Digger (level 2, 0/19 HPs)
             Began as a Merfolk Earth Elementalist on Dec 5, 2016.
             Killed from afar by Crazy Yiuf (6 damage)
             ... with a wand of flame (?/48)
             ... on level 2 of the Dungeon.
             The game lasted 00:04:59 (925 turns).

AlphabetPasta the Digger (MfEE)                      Turns: 925, Time: 00:04:59

Health: 0/19       AC:  3    Str:  8    XL:     2   Next: 91%
Magic:  0/5        EV: 13    Int: 14    God:
Gold:   38         SH:  0    Dex: 14    Spells: 2/5 levels left

rFire  . . .     SeeInvis .     b - 27 stones
rCold  . . .     Gourm    .     c - +0 robe
rNeg   . . .     Faith    .     (no shield)
rPois  .         Spirit   .     (no helmet)
rElec  .         Reflect  .     (no cloak)
rCorr  .         Harm     .     (no gloves)
MR     .....                    j - +0 pair of boots
Stlth  ++........               (no amulet)
                                (no ring)
                                (no ring)

@: very slightly contaminated
A: change form in water, swift swim, stealthy swim
a: no special abilities


You were on level 2 of the Dungeon.
You were hungry.

You visited 1 branch of the dungeon, and saw 2 of its levels.

You collected 38 gold pieces.

Inventory:

Missiles
 b - 27 stones (in hand)
Armour
 c - a +0 robe (worn)
 j - a +0 pair of boots (worn)
Scrolls
 a - a scroll of magic mapping {unknown}
 g - a scroll of remove curse {unknown}
 i - a scroll of identify {unknown}
Books
 e - a book of Geomancy

   Spells                             Type                      Level
   a - Sandblast                      Earth                        1
   b - Passwall                       Transmutation/Earth          2
   c - Stone Arrow                    Conjuration/Earth            3
   d - Petrify                        Transmutation/Earth          4
   e - Lee's Rapid Deconstruction     Earth                        5
Comestibles
 d - a bread ration
 h - a meat ration
 k - 5 fruits


   Skills:
 - Level 2.6 Dodging
 - Level 2.1 Stealth
 + Level 2.3 Spellcasting
 - Level 1.3 Transmutations
 * Level 3.0 Earth Magic


You had 2 spell levels left.
You knew the following spells:

 Your Spells              Type           Power        Failure   Level  Hunger
a - Sandblast             Erth           ##....       10%         1    #......
b - Passwall              Tmut/Erth      #.........   17%         2    ###....


Dungeon Overview and Level Annotations

Branches:
Dungeon (2/15)

Altars:

Annotations:
D:2 Crazy Yiuf


Message History

You miscast Sandblast.
You are very lightly contaminated with residual magic.
Nothing appears to happen.
Crazy Yiuf zaps a wand.
The puff of flame hits you!
Casting: Sandblast
Confirm with . or Enter, or press ? or * to list all spells.
Aiming: Sandblast
Press: ? - help, Shift-Dir - straight line, f/p - Crazy Yiuf
Aim: Crazy Yiuf, wielding a quarterstaff of chaos, wearing a cloak and carrying a wand of flame (?/48) {zapped: 2} (lightly wounded)
The rocky blast misses Crazy Yiuf.
Crazy Yiuf misses you.
Casting: Sandblast
Confirm with . or Enter, or press ? or * to list all spells.
Aiming: Sandblast
Press: ? - help, Shift-Dir - straight line, f/p - Crazy Yiuf
Aim: Crazy Yiuf, wielding a quarterstaff of chaos, wearing a cloak and carrying a wand of flame (?/48) {zapped: 2} (lightly wounded)
The rocky blast hits Crazy Yiuf.
Crazy Yiuf is lightly wounded.
Crazy Yiuf drinks a potion.
Crazy Yiuf seems to grow stronger.
You aren't carrying any potions.
Crazy Yiuf zaps a wand.
The puff of flame hits you!
You die...

####♣♣ ####
##..#.♣♣ ♣♣#..)#
#......♣♣♣♣g'...#
#.......♣@.♣#...#
#...#..♣.♣♣♣ ####
# ##.##♣♣♣♣♣
#.###.# .##.....#
.......<#
.######.# #.# #.#


You could see Crazy Yiuf.

Vanquished Creatures
  A dart slug (D:1)
  A leopard gecko (D:1)
  A giant cockroach (D:1)
  3 goblins (D:1)
  3 hobgoblins (D:1)
  5 kobolds (D:1)
  A bat (D:1)
  2 frilled lizards (D:1)
  2 rats (D:1)
19 creatures vanquished.

Notes
Turn   | Place    | Note
-------+----------+-------------------------------------------
     0 | D:1      | AlphabetPasta the Merfolk Earth Elementalist began the quest for the Orb.
     0 | D:1      | Reached XP level 1. HP: 13/13 MP: 3/3
   266 | D:1      | Reached XP level 2. HP: 19/19 MP: 0/5
   270 | D:1      | Learned a level 2 spell: Passwall
   655 | D:1      | Reached skill level 3 in Earth Magic
   911 | D:2      | Found a runed door.
   916 | D:2      | Noticed Crazy Yiuf
   925 | D:2      | Killed from afar by Crazy Yiuf

Vault maps used:
D:1:      dpeg_arrival_fog, minmay_close_crescents
D:2:      minmay_misc_feat_five, minivault_25, hangedman_feature_mirror,
          uniq_iyjb, uniq_crazy_yiuf_cottage

Skill      XL: |  1  2 |
---------------+-------+-----
Earth Magic    | 3 |  3.0
Dodging        | |  2.6
Stealth        | |  2.1
Spellcasting   | |  2.3
Transmutations | |  1.3

Action                   || total
-------------------------++-------
Melee: Unarmed           ||     2
 Cast: Sandblast         ||    33
Dodge: Dodged            ||     9
